Map: Eflorescencia EE

Players

Kira - Winner!

  • Race: Terran Terran
  • Spawn Location: 12:00

IroChavez - Winner!

  • Race: Terran Terran
  • Spawn Location: 3:00

MrFercho

  • Race: Zerg Zerg
  • League: Silver
  • Spawn Location: 9:00

TATORREA

  • Race: Protoss Protoss
  • League: Silver
  • Spawn Location: 6:00

VOD

Have the link to the VOD?

Description

Time

  • Played on: May 9, 2020, 9:02 p.m.
  • Length: 24:54
Show
View Real Time Build Order
Export as new Build Order

Kira Terran - Winner!

Build Orders:  

Get SALT Encoding   

  12  0:04  SCV  
  13  0:17  Supply Depot  
  13  0:21  SCV  
  14  0:32  Refinery  
  14  0:43  SCV  
  14  0:47  Barracks  
  15  0:55  SCV  
  16  1:07  SCV  
  17  1:19  SCV  
  18  1:31  SCV  
  19  1:39  Reaper  
  20  1:43  SCV  
  20  1:45  Supply Depot  
  21  1:57  Factory  
  21  2:02  Orbital Command  
  21  2:14  Supply Depot  
  21  2:24  Marine  
  22  2:42  Marine  
  23  2:52  Command Center  
  22  3:00  Supply Depot, Marine  
  22  3:04  Factory Tech Lab  
  23  3:07  SCV  
  23  3:10  Refinery  
  24  3:17  Marine  
  24  3:18  Barracks  
  24  3:19  SCV  
  26  3:32  SCV  
  27  3:35  Marine, Siege Tank  
  27  3:37  Starport  
  31  3:44  SCV  
  32  3:53  Marine  
  33  4:08  Refinery  
  33  4:09  SCV  
  34  4:11  Marine  
  34  4:13  Barracks Reactor  
  35  4:20  Barracks  
  35  4:21  SCV  
  36  4:33  SCV  
  37  4:40  Fusion Core, Starport Tech Lab  
  37  4:45  SCV  
  38  4:56  Barracks Tech Lab  
  38  4:57  SCV  
  39  5:01  Marine x2  
  39  5:05  Siege Tank  
  44  5:09  SCV  
  45  5:19  Marine x2  
  47  5:21  SCV  
  47  5:24  Barracks Reactor  
  47  5:27  Supply Depot  
  48  5:36  Marine  
  48  5:37  Marine, Factory  
  50  5:51  Supply Depot  
  50  5:54  Marine x2  
  52  6:09  Battlecruiser  
  58  6:14  Supply Depot  
  58  6:20  SCV  
  59  6:33  SCV  
  59  6:36  Factory Tech Lab  
  60  6:40  Marine x2  
  60  6:41  Starport  
  60  6:42  Marine  
  60  6:43  Marine  
  60  6:45  SCV  
  65  6:47  Supply Depot  
  65  6:57  Orbital Command  
  65  6:58  Marine x2  
  65  7:00  Marine x2  
  65  7:01  Siege Tank  
  72  7:09  Siege Tank  
  75  7:16  Marine x2  
  75  7:18  Supply Depot, Marine x2  
  79  7:23  Starport Reactor  
  79  7:30  Barracks  
  79  7:32  Stimpack  
  79  7:34  Marauder, Marine x2  
  79  7:36  Marine x2  
  85  7:40  Medivac  
  87  7:54  Siege Tank  
  87  7:55  Marauder  
  87  7:57  Supply Depot  
  92  8:09  Medivac  
  94  8:17  Marauder  
  96  8:21  Engineering Bay  
  96  8:41  Viking x2  
  100  8:50  Barracks Reactor, Refinery  
  100  9:07  Medivac  
  102  9:10  Siege Tank  
  105  9:17  Engineering Bay  
  105  9:47  Supply Depot  
  96  10:44  Supply Depot  
  82  12:02  Marine x2  
  82  12:05  Terran Infantry Weapons Level 1  
  82  12:06  Terran Infantry Armor Level 1  
  83  12:20  Marine x2  
  85  12:38  Marine x2  
  87  12:56  Marine  
  81  13:43  Combat Shield  
  81  13:45  Marauder  
  81  13:47  Marine x2  
  85  13:50  Siege Tank  
  85  13:52  Siege Tank  
  91  13:55  Weapon Refit  
  91  13:57  Battlecruiser  
  91  13:58  Medivac x2  
  91  14:01  Marine x2  
  103  14:05  Marine x2  
  103  14:07  Marauder  
  107  14:19  Marine x2  
  107  14:22  Siege Tank  
  107  14:23  Marine x2  
  114  14:24  Siege Tank  
  117  14:37  Marine  
  118  15:02  Marine x2  
  118  15:03  Supply Depot  
  118  15:04  Marauder, Marine  
  118  15:08  Medivac, Marine  
  118  15:24  Medivac, Marine  
  118  15:26  Marauder  
  123  15:44  Supply Depot  
  123  15:47  Marauder  
  125  16:07  Supply Depot  
  125  16:17  Command Center  
  125  16:19  Medivac x2  
  129  16:30  Command Center  
  129  16:49  Medivac  
  129  16:52  Battlecruiser  
  137  17:02  Supply Depot  
  97  18:07  SCV  
  97  18:08  Refinery  
  98  18:14  Marauder, Armory  
  98  18:15  Marine  
  98  18:16  Marine  
  98  18:18  Marine x2  
  98  18:19  SCV  
  105  18:20  Marine  
  105  18:21  Marine  
  105  18:24  Medivac x2  
  111  18:31  SCV  
  111  18:33  Marine x2  
  114  18:36  Marauder, Marine x2  
  114  18:38  Marine  
  114  18:39  Marine  
  120  18:44  SCV  
  121  18:51  Marine x2  
  121  18:54  Medivac, Marine x2  
  127  18:56  Marine x2  
  127  18:57  Marauder  
  131  19:06  Battlecruiser, Refinery  
  131  19:09  Thor, Marine x2  
  139  19:11  Thor, Marine x2  
  139  19:14  Marine x2  
  155  19:18  Armory  
  155  19:32  Viking x2  
  159  19:46  Orbital Command  
  157  20:02  Viking x2  
  161  20:07  Supply Depot  
  161  20:28  Thor, Battlecruiser  
  161  20:31  Supply Depot  
  173  20:38  Terran Infantry Weapons Level 2  
  173  20:41  Command Center  
  173  20:52  Viking, Thor  
  173  20:53  Supply Depot  
  181  21:14  Viking, Thor  
  189  21:30  Supply Depot  
  189  21:34  Concussive Shells  
  189  21:48  Refinery  
  189  21:51  Viking, Thor  
  189  21:52  Viking  
  189  21:53  Supply Depot, Refinery  
  199  21:57  Missile Turret  
  199  22:04  Missile Turret  
  199  22:06  Missile Turret  
  199  22:07  Orbital Command  
  199  22:18  Missile Turret  
Show
View Real Time Build Order
Export as new Build Order

IroChavez Terran - Winner!

Build Orders: 2 Factory 

Get SALT Encoding   

  12  0:04  SCV  
  13  0:19  SCV  
  14  0:23  Supply Depot  
  14  0:36  SCV  
  15  0:48  SCV  
  16  0:50  Barracks  
  16  0:59  Refinery  
  16  1:00  SCV  
  17  1:06  Refinery  
  17  1:13  SCV  
  18  1:25  SCV  
  19  1:37  SCV  
  19  1:38  Supply Depot  
  20  1:42  Marine  
  21  1:54  Factory  
  21  2:00  Marine, Orbital Command  
  22  2:11  Supply Depot  
  22  2:17  Marine  
  23  2:33  Supply Depot  
  23  2:35  Marine  
  24  2:37  Factory Tech Lab  
  24  2:43  Factory  
  24  2:44  SCV  
  25  2:58  Siege Tank  
  28  3:08  Supply Depot  
  28  3:13  SCV  
  29  3:25  SCV  
  30  3:29  Starport, Factory Tech Lab  
  30  3:30  Siege Tank  
  33  3:39  Armory  
  33  3:58  Starport  
  33  4:15  Medivac  
  35  4:35  Command Center, Engineering Bay  
  35  4:43  Siege Tank  
  38  4:52  Supply Depot  
  40  5:08  Viking  
  40  5:13  Missile Turret  
  40  5:24  Medivac  
  42  5:38  Viking  
  42  5:39  Missile Turret  
  41  6:02  SCV  
  41  6:04  Missile Turret  
  42  6:09  Marine  
  43  6:20  SCV  
  43  6:24  Missile Turret  
  44  6:27  Marine  
  44  6:32  SCV  
  46  6:35  Thor  
  52  6:45  Marine  
  53  6:50  Missile Turret  
  53  7:00  SCV  
  54  7:03  Marine  
  55  7:12  SCV  
  56  7:19  Missile Turret  
  56  7:21  Medivac, Marine  
  59  7:23  Supply Depot  
  59  7:24  SCV  
  60  7:35  Siege Tank  
  63  7:39  Marine  
  64  7:45  Starport Tech Lab  
  64  7:49  Missile Turret  
  64  7:53  Missile Turret  
  64  8:02  Starport Tech Lab  
  64  8:08  Siege Tank  
  64  8:10  SCV  
  68  8:15  Fusion Core, Refinery  
  68  8:20  Refinery  
  68  8:22  SCV  
  69  8:34  SCV  
  69  8:36  Missile Turret  
  70  8:46  SCV  
  71  9:05  Thor  
  71  9:06  Missile Turret  
  71  9:07  Siege Tank  
  80  9:11  Orbital Command  
  58  10:48  Siege Tank x2  
  64  10:50  Battlecruiser  
  64  10:52  Battlecruiser  
  76  11:24  Starport  
  76  11:25  SCV  
  77  11:26  Supply Depot  
  77  11:37  SCV  
  78  12:09  Battlecruiser x2  
  90  12:31  Factory, Starport Tech Lab  
  88  13:48  Battlecruiser  
  88  13:52  Thor  
  94  13:59  Supply Depot  
  94  14:00  Factory Tech Lab  
  94  14:04  Supply Depot  
  94  14:20  Thor  
  94  14:22  Supply Depot  
  100  14:27  Supply Depot  
  90  15:55  Siege Tank x2  
  102  16:04  Command Center, Battlecruiser x2  
  102  16:05  Battlecruiser  
  102  16:10  Armory  
  114  16:13  Supply Depot  
  114  17:20  Terran Ship Weapons Level 1  
  114  17:24  Supply Depot  
  114  17:26  Terran Vehicle Weapons Level 1  
  114  18:00  Battlecruiser x2  
  126  18:15  Refinery  
  126  18:17  Refinery  
  126  18:21  Missile Turret  
  126  18:25  Missile Turret  
  126  18:32  Missile Turret  
  126  18:40  Missile Turret  
  126  18:44  Missile Turret  
  126  18:51  Missile Turret  
  126  19:03  Orbital Command  
  126  19:04  Battlecruiser x2  
  138  19:11  Missile Turret  
  138  19:24  Terran Ship Weapons Level 2  
  138  20:41  Missile Turret  
  138  20:44  Battlecruiser x3  
  138  20:47  Supply Depot  
  156  21:05  Missile Turret  
  156  21:08  Terran Vehicle Weapons Level 2  
  156  21:17  Supply Depot  
  156  21:21  Supply Depot  
  156  21:24  Missile Turret  
  156  21:47  Missile Turret  
  156  22:50  Battlecruiser x2  
  168  22:51  Battlecruiser  
  174  23:13  Command Center  
  180  24:08  Refinery  
Show
View Real Time Build Order
Export as new Build Order

MrFercho Zerg 

Build Orders: Pool First 

Get SALT Encoding   

  12  0:01  Drone  
  13  0:15  Overlord  
  13  0:27  Drone  
  14  0:58  Drone x2  
  14  1:03  Spawning Pool  
  15  1:11  Hatchery  
  15  1:16  Drone  
  15  1:22  Extractor  
  15  1:23  Drone  
  15  1:24  Drone  
  16  1:34  Drone  
  17  1:51  Queen  
  19  1:56  Zergling x4  
  21  2:16  Extractor  
  20  2:42  Drone x3  
  23  3:02  Metabolic Boost  
  23  3:06  Drone  
  23  3:07  Drone x4  
  28  3:31  Hatchery  
  28  3:34  Drone  
  28  3:36  Overlord  
  28  3:37  Overlord  
  28  3:54  Queen  
  30  4:03  Roach Warren  
  30  4:05  Drone  
  30  4:06  Drone x2  
  30  4:09  Drone x3  
  35  4:18  Lair  
  35  4:28  Evolution Chamber  
  34  4:40  Drone  
  34  4:41  Extractor x2, Drone  
  34  4:58  Roach x2  
  38  5:03  Roach  
  38  5:04  Roach x2  
  44  5:13  Pneumatized Carapace  
  44  5:19  Drone x4  
  44  5:20  Drone x2  
  50  5:32  Hydralisk Den  
  50  5:33  Glial Reconstitution  
  49  5:41  Zerg Missile Weapons Level 1  
  49  6:06  Overlord x4  
  49  6:07  Overlord  
  49  6:13  Grooved Spines  
  49  6:19  Drone  
  50  6:46  Hatchery  
  49  6:51  Extractor  
  49  6:52  Extractor  
  47  6:54  Drone x3  
  47  6:56  Tunneling Claws  
  50  7:03  Drone x2  
  50  7:04  Drone  
  50  7:05  Drone  
  54  7:24  Muscular Augments  
  54  7:35  Zerg Ground Armor Level 1, Infestation Pit  
  53  7:44  Burrow  
  53  7:49  Drone x3  
  56  8:09  Spine Crawler  
  55  8:14  Spine Crawler  
  54  8:20  Spore Crawler  
  54  8:22  Hatchery  
  54  8:26  Queen  
  54  8:28  Hatchery, Drone x2  
  54  8:29  Drone  
  56  8:36  Drone x3  
  59  8:43  Drone  
  60  8:51  Drone x3  
  63  9:20  Roach  
  63  9:21  Roach x7  
  67  9:57  Roach  
  67  9:58  Roach x7  
  57  10:26  Spire  
  56  10:34  Drone  
  56  10:35  Drone x4  
  61  10:36  Drone  
  62  10:44  Drone  
  62  10:45  Drone x8  
  71  11:03  Zerg Missile Weapons Level 2  
  71  11:15  Hive  
  71  11:25  Spire  
  51  11:50  Hatchery  
  33  12:18  Mutalisk x3  
  39  12:38  Spire  
  38  13:07  Extractor  
  38  13:08  Extractor  
  38  13:09  Drone  
  31  13:44  Drone x3  
  31  14:01  Hatchery  
  30  14:02  Extractor  
  30  14:05  Extractor  
  28  14:16  Hatchery  
  27  14:18  Hatchery  
  26  14:29  Hatchery  
  25  14:58  Mutalisk x6  
  37  15:10  Greater Spire  
  37  15:15  Spire  
  36  15:29  Corruptor x2  
  40  15:35  Queen  
  42  15:44  Corruptor  
  42  15:45  Corruptor x7  
  58  15:57  Drone  
  58  15:58  Drone x3  
  46  17:31  Corruptor  
  46  17:32  Corruptor x3  
  54  17:40  Overlord  
  40  18:07  Drone x3  
  43  18:32  Extractor  
  43  18:34  Hatchery  
  41  18:36  Hatchery  
  41  18:37  Overlord x4  
  40  18:55  Hatchery  
  39  18:58  Zerg Flyer Armor Level 1  
  39  19:09  Extractor  
  38  19:12  Extractor, Hatchery  
  36  20:18  Drone x4  
  40  20:48  Drone x7  
  47  20:53  Drone x2  
  49  21:10  Drone x2  
  51  21:33  Corruptor  
  51  21:34  Corruptor x2  
  57  21:56  Corruptor x3  
  65  22:01  Drone x3  
  66  22:22  Corruptor x8  
  68  22:23  Corruptor  
  84  22:53  Drone  
  84  22:54  Drone  
  86  23:19  Drone x4  
  90  23:33  Corruptor x7  
Show
View Real Time Build Order
Export as new Build Order

TATORREA Protoss 

Build Orders:  

Get SALT Encoding   

  12  0:02  Probe  
  13  0:21  Probe  
  13  0:27  Pylon  
  14  0:33  Probe  
  15  0:45  Probe  
  16  1:00  Pylon  
  16  1:10  Gateway  
  16  1:12  Gateway, Probe  
  17  1:22  Assimilator  
  17  1:31  Gateway, Probe  
  18  1:43  Probe  
  19  1:55  Probe  
  19  1:59  Forge  
  20  2:03  Cybernetics Core  
  20  2:07  Probe  
  21  2:09  Assimilator  
  21  2:15  Zealot  
  21  2:16  Zealot  
  21  2:20  Probe  
  26  2:33  Pylon  
  26  2:34  Probe  
  27  2:47  Probe  
  28  2:53  Stargate  
  28  3:00  Stalker x2  
  32  3:09  Probe  
  33  3:13  Stalker  
  35  3:21  Probe  
  35  3:27  Warp Gate  
  36  3:35  Stalker  
  38  3:58  Probe  
  38  4:01  Pylon  
  39  4:05  Pylon  
  39  4:11  Pylon  
  39  4:17  Protoss Ground Weapons Level 1  
  39  4:19  Oracle, Probe, Zealot  
  46  4:31  Probe  
  46  4:43  Probe  
  47  4:55  Probe  
  48  5:07  Probe, Nexus  
  48  5:10  Assimilator  
  49  5:15  Assimilator  
  49  5:19  Probe  
  50  5:28  Void Ray  
  54  5:32  Probe  
  52  5:57  Probe  
  53  6:06  Robotics Facility  
  53  6:09  Twilight Council  
  53  6:15  Fleet Beacon  
  53  6:25  Stalker x2  
  57  6:30  Stalker  
  59  6:33  Probe  
  59  6:36  Probe  
  61  6:51  Probe  
  61  6:53  Probe  
  63  7:00  Void Ray  
  67  7:04  Unknown  
  67  7:16  Probe  
  68  7:33  Robotics Bay  
  68  7:35  Immortal  
  72  7:43  Void Ray  
  76  7:49  Protoss Ground Weapons Level 2  
  76  7:55  Zealot  
  78  8:08  Pylon  
  78  8:12  Pylon  
  78  8:15  Pylon  
  78  8:26  Probe  
  79  8:28  Pylon  
  79  8:31  Pylon  
  79  8:36  Void Ray, Pylon  
  83  8:42  Pylon  
  83  8:44  Stalker  
  83  8:45  Stalker x2  
  83  8:46  Pylon  
  89  8:50  Pylon  
  89  8:52  Extended Thermal Lance  
  89  8:57  Charge  
  89  9:20  Probe, Nexus  
  90  9:32  Probe  
  90  9:34  Probe  
  92  9:43  Assimilator  
  92  9:44  Probe  
  87  9:45  Colossus  
  87  9:46  Assimilator, Probe  
  84  9:56  Probe  
  84  9:59  Probe  
  51  10:44  Colossus  
  57  10:58  Probe  
  57  11:00  Probe  
  59  11:12  Probe x2  
  61  11:19  Void Ray  
  61  11:24  Probe  
  61  11:25  Probe  
  67  11:30  Stalker x3  
  73  11:36  Probe  
  73  11:37  Probe  
  75  11:44  Colossus  
  81  12:02  Tempest  
  81  12:05  Nexus  
  86  12:16  Probe  
  86  12:18  Probe  
  88  12:28  Probe  
  89  12:30  Probe  
  89  12:34  Stalker  
  89  12:35  Stalker  
  94  12:39  Stalker  
  96  12:45  Carrier  
  70  13:15  Colossus  
  76  13:22  Stalker x2  
  80  13:31  Probe  
  80  13:33  Probe  
  82  13:38  Probe  
  83  13:45  Assimilator  
  83  13:49  Assimilator, Carrier  
  83  13:51  Probe  
  90  13:59  Stalker x2  
  90  14:00  Stalker  
  96  14:03  Probe  
  96  14:04  Protoss Ground Weapons Level 3  
  97  14:15  Probe  
  97  14:16  Protoss Air Weapons Level 1, Disruptor  
  101  14:26  Stalker  
  101  14:27  Stalker, Probe  
  101  14:28  Stalker  
  108  14:53  Tempest  
  69  15:25  Colossus  
  70  15:33  Stalker  
  70  15:34  Stalker x2  
  76  15:36  Tempest  
  81  15:44  Probe  
  82  15:56  Probe  
  83  16:08  Probe  
  83  16:10  Zealot x2  
  88  16:11  Zealot  
  90  16:19  Tempest  
  90  16:22  Colossus  
  101  16:32  Protoss Air Weapons Level 2  
  101  16:56  Nexus  
  101  16:58  Assimilator  
  101  17:02  Tempest, Assimilator  
  101  17:03  Protoss Ground Armor Level 1  
  106  17:15  Colossus  
  91  17:44  Tempest  
  96  18:27  Stalker, Tempest  
  96  18:28  Stalker x2  
  107  18:41  Dark Shrine  
  107  18:48  Pylon  
  107  18:52  Pylon, Probe  
  108  18:56  Pylon  
  108  18:59  Pylon  
  108  19:05  Probe  
  108  19:06  Colossus  
  115  19:10  Tempest  
  115  19:11  Protoss Shields Level 1  
  115  19:17  Probe  
  121  19:24  Stalker x3  
  123  19:31  Blink  
  127  19:36  Protoss Air Weapons Level 3  
  127  19:53  Carrier  
  127  19:55  Dark Templar  
  127  19:56  Dark Templar  
  127  19:59  Dark Templar  
  139  20:16  Templar Archives  
  139  20:36  Dark Templar x3  
  145  20:58  Carrier  
  145  21:00  Colossus  
  157  21:09  High Templar  
  157  21:10  High Templar  
  161  21:11  High Templar  
  161  21:16  Shadow Stride  
  163  21:19  Psionic Storm  
  163  21:20  Protoss Ground Armor Level 2  
  151  22:02  Carrier  
  157  22:28  Protoss Air Armor Level 1  
  157  22:36  Pylon  
  157  22:40  Pylon  
  157  22:42  Stalker  
  157  22:43  Stalker x2  
  157  22:44  Pylon  
  163  22:49  Pylon  
  163  23:06  Carrier  
  169  23:22  Nexus  
  169  23:23  Assimilator  
  169  23:25  Assimilator  
  169  23:33  Archon  
  169  23:41  High Templar x2  
  171  23:44  High Templar  
  175  23:55  Archon  
Tags
 
Add a new tag
Caveats
  • Supply blocks, unpowered buildings, or Contaminate may cause inaccurate times.
  • Supply counts are checked every 10 seconds.